 Dungeon Crawl Stone Soup version 0.27.0 (webtiles) character file.

Game seed: 16521916992374355088

3 asterach the Stinger (level 1, -3/11 HPs)
             Began as an Octopode Venom Mage on July 31, 2021.
             Frozen to death by an endoplasm (4 damage)
             ... on level 1 of the Dungeon.
             The game lasted 00:02:10 (259 turns).

asterach the Stinger (Octopode Venom Mage)           Turns: 259, Time: 00:02:10

Health: -3/11      AC:  1    Str:  7    XL:     1   Next: 50%
Magic:  3/3        EV: 13    Int: 17    God:
Gold:   17         SH:  0    Dex: 12    Spells: 3/4 levels left

rFire    . . .     SeeInvis .   a - +0 spear
rCold    . . .     Faith    .   (no shield)
rNeg     . . .     Spirit   .   (helmet restricted)
rPois    .         Reflect  .   (no amulet)
rElec    .         Harm     .   (no ring)
rCorr    .         Rampage  .   (no ring)
Will     .....                  (no ring)
Stlth    +++.......             (no ring)
HPRegen  0.03/turn              (no ring)
MPRegen  0.08/turn              (no ring)
                                (no ring)
                                (no ring)

@: no status effects
A: almost no armour, amphibious, 8 rings, camouflage 1, gelatinous body 1,
(nimble swimmer 1), tentacles
a: no special abilities


You were on level 1 of the Dungeon.
You visited 1 branch of the dungeon, and saw 1 of its levels.

You collected 17 gold pieces.

Inventory:

Hand Weapons
 a - a +0 spear (weapon)


   Skills:
 + Level 2.2 Dodging
 + Level 2.6 Stealth
 + Level 2.0 Spellcasting
 + Level 1.0 Transmutations
 + Level 3.7 Poison Magic


You had 3 spell levels left.
You knew the following spells:

 Your Spells              Type           Power      Damage    Failure   Level
a - Sting                 Tmut/Pois      36%        1d4       8%          1

Your spell library contained the following spells:

 Spells                   Type           Power      Damage    Failure   Level
 Poisonous Vapours        Pois/Air       16%        N/A       14%         2
 Mephitic Cloud           Conj/Pois/Air  5%         N/A       34%         3
 Olgreb's Toxic Radiance  Pois           14%        N/A       38%         4


Dungeon Overview and Level Annotations

Branches:
Dungeon (1/15)

Altars:


Innate Abilities, Weirdness & Mutations

You cannot wear most types of armour.
You are amphibious.
You can wear up to eight rings at the same time.
Your skin changes colour to match your surroundings (Stealth+).
Your rubbery body absorbs attacks. (AC +1, EV +1)
((You are camouflaged near water. (Stealth+)))
You have tentacles for arms and can constrict up to eight enemies at once.


Message History

You barely miss the ball python. You constrict the ball python.
The ball python barely misses you. The ball python constricts you.
You hit the ball python.
The ball python is severely wounded.
You constrict the ball python.
You kill the ball python!
A rat and an endoplasm come into view.
You start resting.
HP restored.
Press: ? - help, v - describe, . - travel The floor.
Casting: Sting (safe; 8% risk of failure)
Confirm with . or Enter, or press ? or * to list all spells.
You don't know that spell.
Aiming: Sting (safe; 8% risk of failure)
Press: ? - help, Q - select action Shift-Dir - straight line Out of range.
Okay, then.
You see here 18 stones.
You aren't carrying any potions.
Press: ? - help, v - describe, . - travel
Here: an endoplasm The floor.
You reach to attack!
You hit the endoplasm.
The endoplasm is moderately wounded.
You barely miss the endoplasm.
The endoplasm is moderately wounded.
The endoplasm hits you.
You barely miss the endoplasm.
The endoplasm is moderately wounded.
The endoplasm freezes you.
You are frozen.
* * * LOW HITPOINT WARNING * * *
The endoplasm hits you.
* * * LOW HITPOINT WARNING * * *
There is a stone staircase leading down here.
You aren't carrying any potions.
The endoplasm freezes you.
You are frozen.
You die...

.......### #....(.....##...##
.........###.J........#.....#
................######..#
....##########.. #.## ###.#
#....#####.# #.#
##.##.....#r####... #.#
#####..#### #........# #.#
#.........####.†###..#
#.####........@#.....# ..
#.##...........J.....#
#................#####
####...........###
###.........# #.........#
#.........# #.........#
###########


You could see an endoplasm.

Vanquished Creatures
  A hobgoblin (D:1)
  A ball python (D:1)
  A bat (D:1)
  A rat (D:1)
4 creatures vanquished.

Notes
Turn   | Place    | Note
-------+----------+-------------------------------------------
     0 | D:1      | asterach the Octopode Venom Mage began the quest for the
                  | Orb.
     0 | D:1      | Reached XP level 1. HP: 11/11 MP: 3/3
   259 | D:1      | Frozen to death by an endoplasm

Illustrated notes

Levels and vault maps discovered:
D:1:      dpeg_arrival_shelter, layout_rooms

Action                   || total
-------------------------++-------
Melee: Spear             ||    15
       Constrict         ||     3
       Tentacles         ||     2
 Stab: Sleeping          ||     1
Armor: Skin              ||     3
Dodge: Dodged            ||     9
